 Dungeon Crawl Stone Soup version 0.22-a0-161-g198051c (webtiles) character file.

19098 b5mith the Carver (level 12, -1/110 HPs)
             Began as a Minotaur Fighter on Feb 11, 2018.
             Slain by a ten-headed hydra (10 damage)
             ... on level 2 of the Lair of Beasts.
             The game lasted 00:45:59 (10431 turns).

b5mith the Carver (Minotaur Fighter)               Turns: 10431, Time: 00:46:00

Health: -1/110     AC: 23    Str: 26    XL:     12   Next: 33%
Magic:  11/11      EV: 10    Int:  5    God:
Gold:   664        SH: 13    Dex: 10    Spells: 11/11 levels left

rFire    . . .     SeeInvis .   a - +0 long sword
rCold    . . .     Gourm    .   c - +0 shield
rNeg     . . .     Faith    .   D - +4 steam dragon scales
rPois    .         Spirit   .   (helmet restricted)
rElec    .         Reflect  .   i - +0 cloak
rCorr    .         Harm     .   A - +0 pair of gloves
MR       .....                  (no boots)
Stlth    +.........             q - amulet of the acrobat
HPRegen  0.28/turn              l - +5 ring of protection
MPRegen  0.12/turn              j - +4 ring of protection

@: hasted, very quick
A: retaliatory headbutt, horns 2
a: no special abilities


You were on level 2 of the Lair of Beasts.
You were not hungry.

You visited 2 branches of the dungeon, and saw 12 of its levels.

You collected 664 gold pieces.

Inventory:

Hand Weapons
 a - a +0 long sword (weapon)
 y - the cursed +1 fustibalus "Vumuqa" {velocity, MP+9 Str+3 Stlth+, unknown}
   (You found it on level 6 of the Dungeon)

   Any stone fired from it inflicts extra damage.
   It affects your strength (+3).
   It affects your magic capacity (+9).
   It makes you more stealthy.
   It has a curse placed upon it.
Armour
 b - a +0 scale mail
 c - a +0 shield (worn)
 i - a +0 cloak (worn)
 A - a +0 pair of gloves (worn)
 D - +4 steam dragon scales (worn)
Jewellery
 d - a +4 ring of dexterity {unknown}
 j - a +4 ring of protection (right hand)
 l - a +5 ring of protection (left hand)
 m - an uncursed ring of stealth
 q - an amulet of the acrobat (around neck)
 s - an uncursed ring of protection from cold
 z - an uncursed ring of ice
Wands
 v - a wand of flame (10)
 B - a wand of random effects (24)
 F - a wand of iceblast (4)
Scrolls
 e - 2 scrolls of blinking
 g - 4 scrolls of remove curse {@r2}
 h - 7 scrolls of teleportation
 n - 2 scrolls of fear
 u - 4 scrolls of random uselessness
 w - a scroll of torment {unknown}
 G - a scroll of acquirement {unknown}
 H - a scroll of fog {unknown}
Potions
 p - a potion of heal wounds {unknown}
 t - 2 potions of mutation
 x - a potion of agility {unknown}
Books
 o - a book of Clouds

   Spells                             Type                      Level
   a - Poisonous Vapours              Poison/Air                   2
   b - Mephitic Cloud                 Conjuration/Poison/Air       3
   c - Conjure Flame                  Conjuration/Fire             3
   d - Freezing Cloud                 Conjuration/Ice/Air          6
   e - Ring of Flames                 Charms/Fire                  7
 C - a book of Cantrips

   Spells                             Type                      Level
   a - Confusing Touch                Hexes                        1
   b - Animate Skeleton               Necromancy                   1
   c - Summon Small Mammal            Summoning                    1
   d - Apportation                    Translocation                1
 I - a book of Debilitation

   Spells                             Type                      Level
   a - Corona                         Hexes                        1
   b - Slow                           Hexes                        2
   c - Inner Flame                    Hexes/Fire                   3
   d - Portal Projectile              Hexes/Translocation          3
   e - Cause Fear                     Hexes                        4
   f - Leda's Liquefaction            Hexes/Earth                  4
Comestibles
 f - 2 rations


   Skills:
 + Level 11.4 Fighting
 + Level 14.0 Long Blades
 + Level 11.5 Armour
 * Level 12.8 Shields


You had 11 spell levels left.
You didn't know any spells.

Dungeon Overview and Level Annotations

Branches:
Dungeon (10/15)            Temple (0/1) D:5            Lair (2/6) D:9
  Swamp: Lair:2-4    Shoals: Lair:2-4     Snake: Lair:2-4    Spider: Lair:2-4
    Orc: D:9-12

Altars:
Ashenzari
Cheibriados
Qazlal
Trog
Yredelemnul
Beogh
Jiyva

Shops:
D:4 *


Innate Abilities, Weirdness & Mutations

You reflexively headbutt those who attack you in melee.
You have a pair of horns on your head.


Message History

You feel yourself speed up. The nine-headed hydra bites you!
* * * LOW HITPOINT WARNING * * *
The nine-headed hydra bites you but does no damage.
The nine-headed hydra barely misses you.
The nine-headed hydra bites you.
* * * LOW HITPOINT WARNING * * *
You block the nine-headed hydra's attack.
The nine-headed hydra completely misses you.
The nine-headed hydra bites you but does no damage. x2
You block the nine-headed hydra's attack.
You chop one of the nine-headed hydra's heads off!
The eight-headed hydra grows two more!
You slash the ten-headed hydra!
The ten-headed hydra is heavily wounded.
The ten-headed hydra bites you but does no damage.
You block the ten-headed hydra's attack. x2
The ten-headed hydra closely misses you.
The ten-headed hydra bites you!
* * * LOW HITPOINT WARNING * * *
The ten-headed hydra bites you!
You die...

.♣.....................
...................... ♣.♣
♣♣....................
...♣♣....#.#..............
..............#.[.........
%.......................##
..............#...........
........##.#..............
......[.D@.......PP.......
.........#P.......P.......
...♣♣....##.......#.......
♣.♣...#................ ♣
♣...##........... .....
....... .....##.......
....... ....... .....##


You could see a ten-headed hydra.

Vanquished Creatures
  5 two-headed ogres
  5 death yaks (Lair:1)
  A black mamba (Lair:1)
  A spiny frog (Lair:1)
  A gargoyle (D:10)
  4 komodo dragons
  5 polar bears (Lair:1)
  A troll (D:10)
  3 hippogriffs
  A spriggan (D:7)
  10 yaks (D:9)
  A basilisk (Lair:1)
  Grum (D:8)
  3 hungry ghosts (D:9)
  A steam dragon (Lair:1)
  3 wargs (D:9)
  Duvessa (D:6)
  5 water moccasins (Lair:1)
  2 porcupines
  5 orc warriors
  2 sky beasts
  11 ice beasts
  2 phantoms
  The ghost of b5mith the Skirmisher, an amateur MiFi (D:3)
  8 ogres
  2 wolves (D:8)
  4 crocodiles
  4 centaurs
  A big kobold (D:9)
  A gnoll sergeant (D:7)
  7 bullfrogs
  Dowan (D:6)
  A scorpion (D:6)
  6 killer bees
  A howler monkey (D:6)
  A bullfrog zombie (D:10)
  4 crimson imps
  A centaur zombie (D:8)
  A hound (D:7)
  7 orc priests
  5 jellies
  10 orc wizards
  2 bullfrog skeletons
  6 worker ants
  An iguana (D:8)
  Terence (D:2)
  A hound zombie (D:8)
  A hound skeleton (D:5)
  A worker ant zombie (D:6)
  4 gnolls
  2 howler monkey skeletons
  5 adders
  A shadow imp (D:4)
  An ooze (D:2)
  An adder skeleton (D:4)
  2 adder zombies
  4 worms
  3 dart slugs
  4 leopard geckos
  58 orcs
  7 giant cockroaches
  7 hobgoblins
  9 jackals
  14 kobolds
  4 quokkas
  A ball python (D:1)
  9 bats
  4 frilled lizards
  11 goblins
  3 jackal skeletons
  A leopard gecko skeleton (D:6)
  A leopard gecko zombie (D:8)
  5 rats
314 creatures vanquished.

Vanquished Creatures (others)
  A leopard gecko (D:10)
  A fungus (Lair:2)
  2 plants (Lair:1)
4 creatures vanquished.

Grand Total: 318 creatures vanquished

Notes
Turn   | Place    | Note
-------+----------+-------------------------------------------
     0 | D:1      | b5mith the Minotaur Fighter began the quest for the Orb.
     0 | D:1      | Reached XP level 1. HP: 19/19 MP: 0/0
    24 | D:1      | Reached XP level 2. HP: 21/27 MP: 1/1
    33 | D:1      | Reached skill level 3 in Long Blades
   267 | D:1      | Reached XP level 3. HP: 29/33 MP: 2/2
   801 | D:2      | Found a snail-covered altar of Cheibriados.
   987 | D:2      | Found a basalt altar of Yredelemnul.
  1115 | D:2      | Noticed Terence
  1120 | D:2      | Killed Terence
  1120 | D:2      | Reached skill level 4 in Long Blades
  1120 | D:2      | Reached XP level 4. HP: 36/40 MP: 3/3
  1584 | D:3      | Noticed b5mith's ghost (amateur MiFi)
  1588 | D:3      | Killed b5mith's ghost
  1588 | D:3      | Reached XP level 5. HP: 31/47 MP: 4/4
  1604 | D:3      | Found a faded altar of an unknown god.
  2110 | D:4      | Noticed a phantom
  2128 | D:4      | Killed a phantom
  2128 | D:4      | Reached skill level 5 in Long Blades
  2128 | D:4      | Reached XP level 6. HP: 51/55 MP: 5/5
  2158 | D:4      | Reached skill level 5 in Fighting
  2272 | D:4      | Reached skill level 5 in Armour
  2399 | D:4      | Found Kuich's General Store.
  2439 | D:4      | Reached skill level 5 in Shields
  2558 | D:5      | Entered Level 5 of the Dungeon
  2574 | D:5      | Noticed a sky beast
  2590 | D:5      | Killed a sky beast
  2590 | D:5      | Reached skill level 6 in Long Blades
  2711 | D:5      | Reached XP level 7. HP: 61/61 MP: 6/6
  2795 | D:5      | Found a staircase to the Ecumenical Temple.
  2887 | D:5      | Found a bloodstained altar of Trog.
  3135 | D:5      | Reached skill level 7 in Long Blades
  3274 | D:5      | Reached XP level 8. HP: 70/70 MP: 7/7
  3450 | D:6      | Reached skill level 8 in Long Blades
  3758 | D:6      | Reached skill level 9 in Long Blades
  3763 | D:6      | Noticed Duvessa
  3763 | D:6      | Noticed Dowan
  3780 | D:6      | Killed Duvessa
  3809 | D:6      | Killed Dowan
  3928 | D:6      | Got a fine fustibalus
  4062 | D:7      | Reached XP level 9. HP: 77/79 MP: 8/8
  4503 | D:7      | Reached skill level 10 in Long Blades
  4723 | D:8      | Noticed a two-headed ogre
  4731 | D:8      | Killed a two-headed ogre
  4902 | D:8      | Noticed Grum
  4922 | D:8      | Killed Grum
  4922 | D:8      | Reached skill level 11 in Long Blades
  4932 | D:8      | Reached XP level 10. HP: 66/90 MP: 9/9
  4979 | D:8      | Noticed a two-headed ogre
  4992 | D:8      | Killed a two-headed ogre
  5185 | D:8      | Noticed a two-headed ogre
  5192 | D:8      | Killed a two-headed ogre
  5517 | D:8      | Found a shattered altar of Ashenzari.
  5517 | D:8      | Found a stormy altar of Qazlal.
  5855 | D:9      | Reached skill level 12 in Long Blades
  5877 | D:9      | Found a viscous altar of Jiyva.
  5973 | D:9      | Noticed a two-headed ogre
  5984 | D:9      | Killed a two-headed ogre
  6208 | D:10     | Entered Level 10 of the Dungeon
  6412 | D:10     | Noticed a gargoyle
  6416 | D:10     | Killed a gargoyle
  6455 | D:10     | Reached XP level 11. HP: 13/99 MP: 10/10
  6857 | D:9      | Reached skill level 10 in Fighting
  6857 | D:9      | Reached skill level 10 in Shields
  6877 | D:9      | Found a staircase to the Lair.
  6952 | D:9      | Reached skill level 10 in Armour
  6972 | D:9      | Reached skill level 13 in Long Blades
  7233 | D:9      | Noticed a two-headed ogre
  7244 | D:9      | Killed a two-headed ogre
  7404 | D:9      | Found a roughly hewn altar of Beogh.
  7648 | Lair:1   | Entered Level 1 of the Lair of Beasts
  8748 | Lair:2   | Noticed a death yak
  8749 | Lair:2   | Noticed a death yak
  9049 | Lair:2   | Noticed a death yak
  9050 | Lair:2   | Noticed a death yak
  9050 | Lair:2   | Noticed a death yak
  9315 | Lair:1   | Killed a death yak
  9315 | Lair:1   | Reached XP level 12. HP: 53/110 MP: 11/11
  9806 | Lair:1   | Killed a death yak
  9810 | Lair:1   | Killed a death yak
  9945 | Lair:1   | Killed a death yak
  9957 | Lair:1   | Killed a death yak
 10342 | Lair:1   | Reached skill level 14 in Long Blades
 10417 | Lair:2   | Noticed a five-headed hydra
 10431 | Lair:2   | Slain by a ten-headed hydra

Vault maps used:
D:1:      dpeg_arrival_stone_temple_mockup
D:2:      nicolae_overflow_crystal_walls, cheibriados_altar_1, first_ration,
          uniq_terence
D:3:      chequers_ecumenical_altar_simple_redux
D:4:      serial_shops, shop, hangedman_decor_diamond_cutter, minivault_14,
          solitary_fountain
D:5:      temple_fountains, trog_butcher_becter
D:6:      grunt_ministairs_13, uniq_duvessa
D:7:      the_bakery
D:8:      gammafunk_temple_overflow_elements, hangedman_abyss_or_decor_slice,
          nrook_mini_vaults, uniq_grum
D:9:      erik_lair_orcish_takeover, special_room, jiyva_altar_1
D:10:     serial_shops, nicolae_shop_crystal, kennysheep_mini, shop,
          nicolae_shop_crystal, lemuel_flamethrower_hall
Lair:1:   cheibrodos_lair_lostbears, grunt_megastairs_2, serial_bayou_shore_b
Lair:2:   portal_ice_cave_entry_ice_beasts, nicolae_lair_grove_arrangements,
          lemuel_fruit_fields, serial_bayou_shore_a

Skill      XL: |  1  2  3  4  5  6  7  8  9 10 11 12 |
---------------+-------------------------------------+-----
Long Blades    | 3 4 5 6 7 9 11 12 13 14 | 14.0
Shields        | 4 5 6 7 8 9 12 | 12.8
Armour         | 4 5 6 7 8 9 11 | 11.5
Fighting       | 4 5 6 7 8 9 11 | 11.4

Action                   |  1- 3 |  4- 6 |  7- 9 | 10-12 || total
-------------------------+-------+-------+-------+-------++-------
Melee: Long sword        |    94 |   130 |   285 |   705 ||  1214
       Headbutt          |    15 |    19 |    62 |   177 ||   273
Evoke: Wand              |       |       |     7 |     3 ||    10
  Use: Scroll            |     2 |     1 |     6 |     7 ||    16
       Potion            |     1 |       |     1 |     8 ||    10
 Stab: Sleeping          |       |       |       |     1 ||     1
  Eat: Chunk             |       |     2 |       |       ||     2
       Ration            |       |     2 |     2 |     8 ||    12
Armor: Scale mail        |    43 |    52 |   103 |    79 ||   277
       Steam dragon scal |       |       |       |   148 ||   148
       Skin              |       |       |       |     2 ||     2
Dodge: Dodged            |    47 |    44 |    98 |   192 ||   381
Block: Shield            |    55 |    72 |   114 |   335 ||   576
       Rpst.: Long sword |    13 |     7 |    36 |    52 ||   108

Table legend:
 A = Spawn XP
 B = Non-spawn XP
 C = Spawn XP percentage of total XP
 D = Spawn monster count
 E = Non-spawn monster count
 F = Spawn count percentage of total count
 G = Total turns spent on level
                    A         B        C        D         E        F      G
               +---------+---------+-------+---------+---------+-------+---------
         Total |       0 |   27284 |   0.0 |       0 |     314 |   0.0 | 10431
               +---------+---------+-------+---------+---------+-------+---------
           D:1 |       0 |      66 |   0.0 |       0 |      32 |   0.0 |   695
           D:2 |       0 |      73 |   0.0 |       0 |      18 |   0.0 |   801
           D:3 |       0 |     162 |   0.0 |       0 |      18 |   0.0 |   563
           D:4 |       0 |     222 |   0.0 |       0 |      16 |   0.0 |   499
           D:5 |       0 |     960 |   0.0 |       0 |      27 |   0.0 |   730
           D:6 |       0 |    1275 |   0.0 |       0 |      26 |   0.0 |   761
           D:7 |       0 |    1217 |   0.0 |       0 |      23 |   0.0 |   674
           D:8 |       0 |    4072 |   0.0 |       0 |      23 |   0.0 |   972
           D:9 |       0 |    6209 |   0.0 |       0 |      73 |   0.0 |  1377
          D:10 |       0 |    1362 |   0.0 |       0 |      16 |   0.0 |   576
        Lair:1 |       0 |   10909 |   0.0 |       0 |      39 |   0.0 |  2660
        Lair:2 |       0 |     757 |   0.0 |       0 |       3 |   0.0 |   123
               +---------+---------+-------+---------+---------+-------+---------
